 Dungeon Crawl Stone Soup version 0.28.0-45-g0d030f2227 (webtiles) character file.

Game seed: 10147247530240848956

75 seaoflcl the Covered (level 4, 0/35 HPs)
             Began as a Human Fighter on Apr 10, 2022.
             Was an Initiate of Ru.
             Slain by an orc priest
             ... wielding a +0 trident
              (5 damage)
             ... on level 3 of the Dungeon.
             The game lasted 00:02:17 (2274 turns).

seaoflcl the Covered (Human Fighter)                Turns: 2274, Time: 00:02:17

Health: 0/35       AC:  6    Str: 19    XL:     4   Next: 55%
Magic:  4/4        EV:  9    Int:  8    God:    Ru [......]
Gold:   46         SH:  4    Dex: 12    Spells: 3/3 levels left

rFire   . . .      SeeInvis .   a - +0 long sword
rCold   . . .      Faith    .   c - +0 buckler
rNeg    . . .      Spirit   .   b - +0 scale mail
rPois   .          Reflect  .   (no helmet)
rElec   .          Harm     .   (no cloak)
rCorr   .          Rampage  .   (no gloves)
Will    .....                   (no boots)
Stlth   ..........              (no amulet)
HPRegen 0.11/turn               (no ring)
MPRegen 0.09/turn               (no ring)

@: no status effects
A: no striking features
a: Renounce Religion, Sacrifice Words, Sacrifice Courage, Sacrifice a Hand,
Reject Sacrifices


You were on level 3 of the Dungeon.
You worshipped Ru.
Ru was noncommittal.
You visited 1 branch of the dungeon, and saw 3 of its levels.

You collected 46 gold pieces.

Inventory:

Hand Weapons
 a - a +0 long sword (weapon)
Armour
 b - a +0 scale mail (worn)
 c - a +0 buckler (worn)
Magical Staves
 m - a staff of fire
Jewellery
 l - an amulet of regeneration
Scrolls
 h - a scroll of silence {unknown}
 j - 3 scrolls of vulnerability {unknown}
 k - 2 scrolls of identify {unknown}
Potions
 d - 2 potions of might
 e - a potion of flight {unknown}
 f - 2 potions of brilliance {unknown}
 g - a potion of haste {unknown}
 i - a potion of heal wounds {unknown}
 n - a potion of ambrosia {unknown}


   Skills:
 + Level 3.3 Fighting
 + Level 3.3 Long Blades
 + Level 3.5 Armour
 + Level 0.4 Dodging
 + Level 3.3 Shields


You had 3 spell levels left.
You didn't know any spells.
Your spell library contained the following spells:

 Spells                   Type           Power      Damage    Failure   Level
 Sandblast                Erth           0%         2d4       86%         1
 Blink                    Tloc           0%         N/A       94%         2
 Passwall                 Tmut/Erth      0%         N/A       94%         2
 Dazzling Flash           Conj/Hex       0%         N/A       99%         3
 Stone Arrow              Conj/Erth      0%         3d7       99%         3
 Fulminant Prism          Conj/Hex       0%         3d6       100%        4
 Iskenderun's Mystic Bla  Conj/Tloc      0%         2d3       100%        4
 Agony                    Necr           0%         N/A       100%        5
 Lee's Rapid Deconstruct  Erth           0%         3d5*      100%        5
 Manifold Assault         Tloc           0%         N/A       100%        5
 Silence                  Hex/Air        0%         N/A       100%        5
 Storm Form               Tmut/Air       0%         N/A       100%        7


Dungeon Overview and Level Annotations

Branches:
Dungeon (3/15)

Altars:
Ru
Sif Muna

Shops:
D:1 !


Message History

The orc priest begins to cast a cantrip, but forgets the words!
The orc hits you but does no damage. The orc hits you with a +0 hand axe.
You closely miss the orc.
The orc priest hits you but does no damage.
You block the orc's attack. The orc hits you with a +0 hand axe.
You are too injured to fight recklessly!
You are too injured to fight recklessly!
You hit the orc.
The orc is lightly wounded.
The orc hits you but does no damage.
The orc priest looks encouraged for a moment.
You hit the orc.
The orc is heavily wounded.
You block the orc's attack. The orc hits you but does no damage.
You hit the orc but do no damage.
The orc is heavily wounded.
You block the orc's attack.
You barely miss the orc.
The orc is heavily wounded.
The orc priest miscasts a cantrip.
The orc barely misses you.
You slash the orc!
You kill the orc!
The rat twitches its whiskers.
You slash the rat!
You kill the rat!
You slash the orc!
You kill the orc!
The orc priest begins to cast a cantrip, but forgets the words!
The orc priest closely misses you.
Items here: )) [[ †††.
You slash the orc priest!
The orc priest is heavily wounded.
The orc priest calls down the wrath of Beogh upon you.
Beogh smites you!
* * * LOW HITPOINT WARNING * * *
You barely miss the orc priest.
The orc priest is heavily wounded.
The orc priest hits you with a +0 trident.
You die...

... .... .....####
<....o).# #.##
#..# ##.# #o# #@#
#.# #.# #.#
########## #.#
.........#######.#
########.........#
#########.# ###


You could see an orc priest.

Vanquished Creatures
  Jessica (D:2)
  An adder (D:2)
  A dart slug (D:2)
  3 orcs (D:3)
  An endoplasm (D:2)
  3 giant cockroaches
  2 goblins
  2 hobgoblins
  5 kobolds
  A quokka (D:2)
  3 ball pythons
  3 bats
  2 frilled lizards (D:2)
  9 rats
37 creatures vanquished.

Notes
Turn   | Place    | Note
-------+----------+-------------------------------------------
     0 | D:1      | seaoflcl the Human Fighter began the quest for the Orb.
     0 | D:1      | Reached XP level 1. HP: 18/18 MP: 1/1
   384 | D:1      | Reached XP level 2. HP: 12/24 MP: 2/2
   622 | D:1      | Found a faded altar of an unknown god.
   717 | D:1      | Prayed at the altar of an unknown god.
   717 | D:1      | Became a worshipper of Ru the Awakened
   816 | D:1      | Found Qompel's Distillery.
  1439 | D:2      | Reached XP level 3. HP: 27/29 MP: 3/3
  1843 | D:2      | Noticed Jessica
  1847 | D:2      | Killed Jessica
  1848 | D:2      | Reached XP level 4. HP: 21/35 MP: 4/4
  1978 | D:2      | Found a shimmering blue altar of Sif Muna.
  2274 | D:3      | Slain by an orc priest

Illustrated notes

Levels and vault maps discovered:
D:1:      sevenhm_arrival_forest_fort_large_4, layout_basic, serial_shops,
          nicolae_shop_crystal, shapermc_ecumenical_altar_starsandcircs
D:2:      layout_loops_cross, basic_altar, uniq_jessica
D:3:      layout_rooms, tgw_sif, uniq_terence

Skill      XL: |  1  2  3 |
---------------+----------+-----
Long Blades    | 3 |  3.3
Fighting       | |  3.3
Armour         | |  3.5
Dodging        | |  0.4
Shields        | |  3.3

Action                   |  1- 3 |  4- 6 || total
-------------------------+-------+-------++-------
Melee: Long sword        |    92 |    27 ||   119
Armor: Scale mail        |    42 |    14 ||    56
Dodge: Dodged            |    41 |    12 ||    53
Block: Buckler           |    23 |     6 ||    29
